 Dungeon Crawl Stone Soup version 0.31.0-9-g3a7656b989 (webtiles) character file.

Game seed: 11512067042688316857

54 qw the Shooter (level 3, 0/20 HPs)
             Began as a Deep Elf Hunter on Feb 2, 2024.
             Slain by a goblin
             ... wielding a +0 dagger
              (2 damage)
             ... on level 2 of the Dungeon.
             The game lasted 00:00:06 (1290 turns).

qw the Shooter (Deep Elf Hunter)                    Turns: 1290, Time: 00:00:06

Health: 0/20       AC:  3    Str: 10    XL:     3   Next: 66%
Magic:  5/5        EV: 12    Int: 13    God:
Gold:   74         SH:  0    Dex: 18    Spells: 2/2 levels left

rFire   . . .        a - +0 shortbow
rCold   . . .        (shield currently unavailable)
rNeg    . . .        c - +0 leather armour
rPois   .            (no helmet)
rElec   .            (no cloak)
rCorr   .            (no gloves)
SInv    .            (no boots)
Will    .....        (no amulet)
Stlth   ++           (no ring)
HPRegen 0.23/turn    (no ring)
MPRegen 0.09/turn

%: no passive effects
@: no status effects
A: no striking features
a: no special abilities


You were on level 2 of the Dungeon.
You visited 1 branch of the dungeon, and saw 2 of its levels.

You collected 74 gold pieces.


   Skills:
 - Level 1.5 Fighting
 + Level 7.2 Ranged Weapons
 - Level 2.4 Dodging
 - Level 1.2 Stealth


You had 2 spell levels left.
You didn't know any spells.
Your spell library was empty.

Inventory:

Hand Weapons
 a - a +0 shortbow (weapon)
Armour
 c - a +0 leather armour (worn)
 d - a +0 ring mail
Jewellery
 b - a ring of fire
Potions
 f - a potion of heal wounds {unknown}
 g - 2 potions of mutation {unknown}
 h - 2 potions of curing

Dungeon Overview and Level Annotations

Branches:
Dungeon (2/15)

Altars:


Message History

The arrow hits the hobgoblin.
You kill the hobgoblin!
The rat bites you but does no damage. The goblin barely misses you.
The hobgoblin closely misses you.
A goblin comes into view. It is wielding a +0 dagger.
You shoot an arrow. The arrow hits the goblin!
You kill the goblin!
The rat bites you. The hobgoblin hits you.
You shoot an arrow.
The arrow hits the hobgoblin but does no damage.
The rat barely misses you. The hobgoblin barely misses you.
You shoot an arrow. The arrow hits the hobgoblin.
The hobgoblin is moderately wounded.
The rat bites you. The hobgoblin barely misses you.
You shoot an arrow. The arrow closely misses the hobgoblin.
The rat bites you but does no damage.
The hobgoblin hits you but does no damage.
You shoot an arrow. The arrow barely misses the hobgoblin.
The rat bites you but does no damage. The hobgoblin misses you.
You shoot an arrow. The arrow barely misses the hobgoblin.
The rat misses you. The goblin closely misses you. The hobgoblin hits you.
You shoot an arrow. The arrow hits the hobgoblin.
The hobgoblin is almost dead.
The rat closely misses you. The goblin hits you with a +0 dagger.
The hobgoblin hits you. The goblin barely misses you.
You shoot an arrow. The arrow hits the hobgoblin.
You kill the hobgoblin!
The rat barely misses you. The goblin hits you with a +0 dagger.
The goblin closely misses you.
You shoot an arrow. The arrow hits the goblin!
You kill the goblin!
The rat bites you but does no damage. The goblin closely misses you.
You shoot an arrow. The arrow hits the rat!
You kill the rat!
The goblin misses you.
You shoot an arrow. The arrow completely misses the goblin.
The goblin hits you with a +0 dagger.
You shoot an arrow. The arrow barely misses the goblin.
The goblin hits you with a +0 dagger. x2
You die...

..# # ..# .. # ..#
... .# #.#
...########.# .#
...........%#
#.### ..[........#
....# ...........#
....# .......g)..#
####### ....#
#@..# #.....#
..... #...#
######.....# ....#
#...# #...........
..####.### #...#
#........... ..#
...# #...#
#(.(........ ..#
#..# #...#
#......%....
#######..## #...#
#...........
.....#....# #...#
#...........
##........#
#...###...........


You could see a goblin.

Vanquished Creatures
  3 dart slugs (D:1)
  3 ball pythons
  5 endoplasms (D:1)
  2 giant cockroaches
  6 goblins
  5 hobgoblins
  8 kobolds
  2 quokkas (D:1)
  A bat (D:1)
  A frilled lizard (D:1)
  5 rats
41 creatures vanquished.

Notes
Turn   | Place    | Note
-------+----------+-------------------------------------------
     0 | D:1      | qw the Deep Elf Hunter began the quest for the Orb.
     0 | D:1      | Reached XP level 1. HP: 12/12 MP: 3/3
     0 | D:1      | 0 ||| qw: Version: 0.3-a-155-g5e7d8dd
     0 | D:1      | 0 ||| qw: Game counter: 1203
     0 | D:1      | 0 ||| qw: Melee chars always use a shield: true
     0 | D:1      | 0 ||| qw: God list: Okawaru
     0 | D:1      | 0 ||| qw: Allow faded altars: false
     0 | D:1      | 0 ||| qw: Do Orc after clearing Dungeon:15 true
     0 | D:1      | 0 ||| qw: Do second Lair branch before Depths: true
     0 | D:1      | 0 ||| qw: Lair rune preference: random
     0 | D:1      | 0 ||| qw: Goals: Normal
     0 | D:1      | 0 ||| PLANNING D:1-11
   141 | D:1      | Reached skill level 6 in Ranged Weapons
   141 | D:1      | Reached XP level 2. HP: 16/16 MP: 4/4
   267 | D:1      | HP: 4/16 [frozen (4)]
   475 | D:1      | Reached XP level 3. HP: 20/20 MP: 5/5
  1068 | D:1      | 1068 ||| READING scroll labelled SATUS HIHAA.
  1069 | D:1      | 1069 ||| READING scroll labelled GUEXZUAPNU.
  1072 | D:1      | 1072 ||| DRINKING 2 pink potions.
  1073 | D:1      | 1073 ||| DROPPING scroll of butterflies.
  1200 | D:2      | Reached skill level 7 in Ranged Weapons
  1289 | D:2      | HP: 4/20 [goblin/+0 dagger (3)]
  1290 | D:2      | Slain by a goblin

Levels and vault maps discovered:
D:1:      denvon_arrival_planthouse, layout_basic, lexackson_kobold_supper
D:2:      layout_basic, shapermc_ecumenical_altar_ellora, minmay_goblin_outpost,
          uniq_crazy_yiuf_cottage

Skill      XL: |  1  2  3 |
---------------+----------+-----
Ranged Weapons | 6 7 |  7.2
Fighting       | |  1.5
Dodging        | |  2.4
Stealth        | |  1.2

Action                     || total
---------------------------++-------
   Fire: Shortbow          ||   110
    Use: Scroll            ||     2
         Potion            ||     1
 Armour: Leather armour    ||    28
  Dodge: Dodged            ||    33

Table legend:
 A = Non-vault XP
 B = Vault XP
 C = Vault XP percentage of total XP
 D = Non-vault monster count
 E = Vault monster count
 F = Vault count percentage of total count
                 A         B        C        D         E       F
            +---------+---------+-------+---------+---------+-------
      Total |      56 |      22 |  28.2 |      28 |      13 |  31.7
            +---------+---------+-------+---------+---------+-------
        D:1 |      46 |      12 |  20.7 |      22 |       8 |  26.7
        D:2 |      10 |      10 |  50.0 |       6 |       5 |  45.5
            +---------+---------+-------+---------+---------+-------
